 Dungeon Crawl Stone Soup version 0.21.0-3-g78d12a8 (webtiles) character file.

4722 Mesmaeker13 the Fighter (level 10, -3/80 HPs)
             Began as a Formicid Abyssal Knight on Jan 13, 2018.
             Was a Priest of Lugonu.
             Slain by a killer bee (5 damage)
             ... on level 8 of the Dungeon.
             The game lasted 00:24:18 (12308 turns).

Mesmaeker13 the Fighter (Formicid Abyssal Knight)  Turns: 12308, Time: 00:24:18

Health: -3/80      AC: 15    Str: 19    XL:     10   Next: 73%
Magic:  16/16      EV:  7    Int: 12    God:    Lugonu [***...]
Gold:   240        SH: 11    Dex: 11    Spells: 9/9 levels left

rFire    + . .     SeeInvis +   d - +0 war axe
rCold    . . .     Gourm    .   A - +0 shield
rNeg     . . .     Faith    +   F - +0 chain mail
rPois    .         Spirit   .   (helmet unavailable)
rElec    .         Reflect  .   B - +0 cloak
rCorr    .         Harm     .   I - +0 pair of gloves
MR       +....                  e - +1 pair of boots
Stlth    ..........             f - amulet of faith
HPRegen  0.23/turn              i - ring of protection from fire
MPRegen  0.15/turn              (no ring)

@: lethally poisoned (-3 -> -4)
A: permanent stasis, dig shafts and tunnels, four strong arms, antennae 3
a: Dig, Shaft Self, Depart the Abyss, Bend Space, Banish, Renounce Religion


You were on level 8 of the Dungeon.
You worshipped Lugonu.
Lugonu was most pleased with you.
You were near starving.

You visited 1 branch of the dungeon, and saw 8 of its levels.
You visited the Abyss 1 time.

You collected 435 gold pieces.
You spent 195 gold pieces at shops.

Inventory:

Hand Weapons
 a - a -1 executioner's axe
 d - a +0 war axe (weapon)
 w - a +0 blowgun
 H - a +3 whip of flaming
 J - a cursed -3 hunting sling
Missiles
 m - 5 tomahawks (quivered)
 x - 22 poisoned needles
Armour
 e - a +1 pair of boots (worn)
 A - a +0 shield (worn)
 B - a +0 cloak (worn)
 F - a +0 chain mail (worn)
 I - a +0 pair of gloves (worn)
Jewellery
 f - an amulet of faith (around neck)
 i - a ring of protection from fire (left hand)
 r - an uncursed ring of protection from fire
Wands
 z - a wand of flame (64)
Scrolls
 b - 3 scrolls of remove curse
 g - 2 scrolls of enchant armour
 o - a scroll of fog {unknown}
 q - 3 scrolls of magic mapping
 u - a scroll of noise {unknown}
 v - a scroll of silence {unknown}
 D - a scroll of immolation {unknown}
 K - a scroll of enchant weapon {unknown}
Potions
 j - 3 potions of magic {unknown}
 k - a potion of flight {unknown}
 p - a potion of brilliance
 s - 2 potions of berserk rage {unknown}
 t - a potion of invisibility {unknown}
 E - 2 potions of mutation {unknown}
Comestibles
 c - 21 rations


   Skills:
 + Level 8.2 Fighting
 + Level 7.1 Axes
 + Level 7.8 Armour
 - Level 0.8 Dodging
 + Level 7.8 Shields
 - Level 8.0 Invocations


You had 9 spell levels left.
You didn't know any spells.

Dungeon Overview and Level Annotations

Branches:
Dungeon (8/15)             Temple (0/1) D:4
   Lair: D:8-11

Altars:
Ashenzari
Fedhas
Gozag
Makhleb
Qazlal
Sif Muna
Uskayaw
Vehumet

Shops:
D:4 ?   D:8 !%

Annotations:
D:7 Prince Ribbit


Innate Abilities, Weirdness & Mutations

You cannot be hasted, slowed, berserked, paralysed or teleported.
You can dig through walls and to a lower floor.
Your four strong arms can wield two-handed weapons with a shield.
You have a pair of large antennae on your head. (SInv)


Message History

The killer bee stings you but does no damage.
You slash the hungry ghost!
The hungry ghost is moderately damaged.
You miss the killer bee.
The killer bee stings you but does no damage.
You block the hungry ghost's attack. You block the killer bee's attack.
You slash the hungry ghost!
The hungry ghost is heavily damaged.
You miss the killer bee. You block the killer bee's attack.
The hungry ghost hits you.
You are feeling very hungry.
The killer bee barely misses you. The hungry ghost hits you.
* * * LOW HITPOINT WARNING * * *
You are near starving!
You closely miss the hungry ghost.
The hungry ghost is heavily damaged.
You hit the killer bee but do no damage.
* * * LOW HITPOINT WARNING * * *
You feel sick. The killer bee stings you.
You die...

### ####### ##.#
##.....#####.##
#........##.##
#........###.##
#......).####.#
####............##
#..Wy........####
##.#@...........#
#.#............#####
#W#........#...##...
#.#######........... #.#
#.............. ########.#
#.###.......... #...†....#
#.# #..........
#.######.####.###.)........
#.....................#....


You could see a hungry ghost and a killer bee.

Vanquished Creatures
  The ghost of Gorice the Slasher, an amateur DsFi (D:3)
  3 hippogriffs (D:8)
  The ghost of Scuka the Slasher, an amateur BaFi (D:6)
  Duvessa (D:5)
  An orc warrior (D:6)
  2 sky beasts
  2 ice beasts
  A necrophage (D:8)
  5 ogres
  A phantom (D:8)
  4 wolves (D:8)
  5 centaurs
  2 bullfrogs
  Dowan (D:5)
  7 scorpions
  A water moccasin skeleton (D:2)
  2 killer bees (D:8)
  3 wights (D:6)
  4 howler monkeys
  An electric eel (D:8)
  A bullfrog zombie (D:8)
  2 crimson imps
  Crazy Yiuf (D:5)
  5 hounds
  2 jellies
  2 centaur zombies
  An orc wizard (D:5)
  A bullfrog skeleton (D:7)
  2 centaur skeletons (D:7)
  2 iguanas (D:7)
  Jessica (D:2)
  3 worker ants
  A killer bee zombie (D:8)
  A hound zombie (D:7)
  10 adders
  A shadow imp (D:5)
  An ooze (D:2)
  3 worms
  4 dart slugs
  2 leopard geckos
  9 orcs
  13 bats
  9 giant cockroaches
  9 goblins
  4 hobgoblins
  7 kobolds
  3 quokkas
  8 frilled lizards
  2 leopard gecko skeletons
  8 rats
166 creatures vanquished.

Vanquished Creatures (others)
  A troll (D:8)
  An orc wizard (D:7)
  13 fungi (D:6)
15 creatures vanquished.

Grand Total: 181 creatures vanquished

Notes
Turn   | Place    | Note
-------+----------+-------------------------------------------
     0 | Abyss:1  | Mesmaeker13 the Formicid Abyssal Knight began the quest for the Orb.
     0 | Abyss:1  | Reached XP level 1. HP: 18/18 MP: 2/2
    15 | D:1      | Escaped the Abyss
   122 | D:1      | Reached XP level 2. HP: 15/24 MP: 3/3
   343 | D:1      | Reached ** piety under Lugonu
   343 | D:1      | Reached XP level 3. HP: 29/29 MP: 5/5
   852 | D:2      | Reached XP level 4. HP: 25/37 MP: 6/6
   960 | D:2      | Reached skill level 1 in Shields
   960 | D:2      | Reached XP level 5. HP: 11/42 MP: 7/7
  1195 | D:2      | Noticed Jessica
  1207 | D:2      | Killed Jessica
  2007 | D:3      | Noticed Gorice's ghost (amateur DsFi)
  2560 | D:4      | Found a hide-covered altar of Uskayaw.
  2649 | D:4      | Found an opulent altar of Gozag.
  2670 | D:4      | Reached XP level 6. HP: 37/48 MP: 8/8
  2917 | D:4      | Found a shattered altar of Ashenzari.
  3487 | D:4      | Found Zyllorgh's Magic Scroll Shoppe.
  3490 | D:4      | Bought a scroll of identify for 24 gold pieces
  3490 | D:4      | Bought a scroll of identify for 24 gold pieces
  3494 | D:4      | Bought a scroll of identify for 24 gold pieces
  3494 | D:4      | Bought a scroll of identify for 24 gold pieces
  3534 | D:4      | Found a staircase to the Ecumenical Temple.
  3945 | D:5      | Entered Level 5 of the Dungeon
  4843 | D:5      | Noticed Dowan
  4845 | D:5      | Noticed Duvessa
  4873 | D:5      | Killed Duvessa
  4873 | D:5      | Reached XP level 7. HP: 55/55 MP: 10/10
  5045 | D:5      | Killed Dowan
  5246 | D:5      | Found a runed door.
  5524 | D:6      | Found a radiant altar of Vehumet.
  5580 | D:6      | Reached skill level 5 in Fighting
  5994 | D:6      | Noticed Scuka's ghost (amateur BaFi)
  6002 | D:6      | Reached XP level 8. HP: 49/62 MP: 11/11
  6008 | D:6      | Killed Scuka's ghost
  6008 | D:6      | Reached skill level 5 in Invocations
  6165 | D:6      | Found a burning altar of Makhleb.
  6222 | D:6      | Reached skill level 5 in Armour
  6247 | D:6      | Reached *** piety under Lugonu
  6456 | D:6      | Found a blossoming altar of Fedhas.
  6461 | D:6      | Found a stormy altar of Qazlal.
  6538 | D:6      | Reached skill level 5 in Shields
  6558 | D:6      | Reached skill level 5 in Axes
  6558 | D:6      | Reached XP level 9. HP: 60/69 MP: 13/13
  7560 | D:3      | Killed Gorice's ghost
  8892 | D:7      | Noticed Prince Ribbit
  9108 | D:7      | Reached XP level 10. HP: 44/79 MP: 15/15
  9832 | D:7      | Found a deep blue altar of Sif Muna.
 10999 | D:4      | Bought a scroll of identify for 24 gold pieces
 11207 | D:5      | Noticed Crazy Yiuf
 11209 | D:5      | Killed Crazy Yiuf
 11713 | D:8      | Found Tairil's Distillery.
 11722 | D:8      | Bought a potion of heal wounds for 75 gold pieces
 11727 | D:8      | Found Aseacs's Food Emporium.
 12305 | D:8      | HP: 4/80 [poisoned by a killer bee]
 12308 | D:8      | Slain by a killer bee

Skill      XL: |  1  2  3  4  5  6  7  8  9 10 |
---------------+-------------------------------+-----
Invocations    | 3 4 6 7 8 |  8.0
Armour         | 3 4 5 6 7 |  7.8
Fighting       | 4 5 6 7 8 |  8.2
Shields        | 1 2 3 5 6 7 |  7.8
Axes           | 3 4 5 6 7 |  7.1
Dodging        | |  0.8

Action                   |  1- 3 |  4- 6 |  7- 9 | 10-12 || total
-------------------------+-------+-------+-------+-------++-------
Melee: Hand axe          |    78 |   167 |       |       ||   245
       War axe           |       |    11 |   326 |   272 ||   609
 Fire: Blowgun           |       |     3 |    13 |       ||    16
Invok: Bend Space        |       |       |     1 |     5 ||     6
       Banish            |       |       |       |     2 ||     2
 Abil: Dig               |       |       |       |     1 ||     1
Evoke: Wand              |       |     2 |     6 |     3 ||    11
  Use: Scroll            |     2 |     6 |     1 |     6 ||    15
       Potion            |       |       |     2 |     7 ||     9
 Stab: Sleeping          |     3 |     1 |       |       ||     4
  Eat: Chunk             |       |     9 |    10 |     8 ||    27
       Ration            |       |     1 |     1 |     1 ||     3
Armor: Leather armour    |    16 |    46 |       |       ||    62
       Chain mail        |       |     4 |   151 |   154 ||   309
Dodge: Dodged            |    44 |    67 |    69 |    97 ||   277
Block: Shield            |     8 |    68 |   177 |   195 ||   448
